 Dungeon Crawl Stone Soup version 0.29-a0-789-g7a8fcbc185 (webtiles) character file.

Game seed: 2789960029225292452

1243 gobodom the Stinger (level 8, -14/54 HPs)
             Began as a Demonspawn Venom Mage on July 2, 2022.
             Demolished by a two-headed ogre
             ... wielding a +0 giant spiked club
              (21 damage)
             ... on level 6 of the Dungeon.
             The game lasted 00:24:12 (6381 turns).

gobodom the Stinger (Demonspawn Venom Mage)         Turns: 6381, Time: 00:24:12

Health: -14/54     AC: 11    Str: 12    XL:     8   Next: 25%
Magic:  0/15       EV: 15    Int: 16    God:
Gold:   273        SH:  0    Dex: 28    Spells: 7/17 levels left

rFire   x . .      SeeInvis .   c - +9 whip of the Dungeon {vorpal, rPois rF- Dex+9 Stlth-}
rCold   . . .      Faith    .   h - orb {*channel}
rNeg    + . .      Spirit   +   v - +2 robe {rN+}
rPois   +          Reflect  .   (no helmet)
rElec   .          Harm     .   a - +0 cloak
rCorr   .          Rampage  .   s - +2 pair of gloves {hurl}
Will    .....                   o - +0 pair of boots
Stlth   ++........              (no amulet)
HPRegen 0.18/turn               e - ring of wizardry
MPRegen 0.28/turn               B - +6 ring of dexterity

@: no status effects
A: molten scales 1, magic shield, magic regeneration, magic link, demonic touch
2
a: no special abilities


You were on level 6 of the Dungeon.
You visited 2 branches of the dungeon, and saw 7 of its levels.

You collected 273 gold pieces.

Inventory:

Hand Weapons
 c - the +9 whip of the Dungeon (weapon) {vorpal, rPois rF- Dex+9 Stlth-}
   (You found it on level 6 of the Dungeon)

   It inflicts extra damage upon your enemies.
   Dex:       It affects your dexterity (+9).
   rF:        It makes you vulnerable to fire.
   rPois:     It protects you from poison.
   Stlth:     It makes you less stealthy.
 D - a +0 dagger of venom
Missiles
 j - 5 javelins
 w - 10 poisoned darts
Armour
 a - a +0 cloak (worn)
 h - an orb of energy (worn)
 o - a +0 pair of boots (worn)
 s - a +2 pair of gloves of hurling (worn)
 v - a +2 robe of positive energy (worn)
Magical Staves
 E - a staff of conjuration
Jewellery
 e - a ring of wizardry (left hand)
 B - a +6 ring of dexterity (right hand)
Wands
 k - a wand of paralysis (5)
 y - a wand of roots (6)
 C - a wand of mindburst (13)
Scrolls
 g - 2 scrolls of blinking {unknown}
 l - a scroll of poison {unknown}
 n - 2 scrolls of noise {unknown}
 p - 2 scrolls of fog {unknown}
 q - a scroll of enchant weapon {unknown}
 u - 2 scrolls of teleportation {unknown}
Potions
 b - 3 potions of magic
 d - 2 potions of attraction
 f - 3 potions of brilliance {unknown}
 i - 3 potions of curing
 m - a potion of berserk rage
 r - 2 potions of flight
 t - 2 potions of might
 x - 2 potions of lignification {unknown}
 z - a potion of cancellation
 A - a potion of heal wounds {unknown}


   Skills:
 + Level 1.1 Fighting
 + Level 2.1 Short Blades
 + Level 3.6 Dodging
 + Level 2.3 Stealth
 + Level 5.2 Spellcasting
 * Level 0.4 Conjurations
 + Level 3.0 Transmutations
 + Level 1.3 Air Magic
 + Level 5.5 Poison Magic
 + Level 2.2 Evocations


You had 7 spell levels left.
You knew the following spells:

 Your Spells              Type           Power      Damage    Failure   Level
a - Sting                 Tmut/Pois      68%        1d6       1%          1
b - Poisonous Vapours     Pois/Air       30%        N/A       2%          2
c - Mephitic Cloud        Conj/Pois/Air  11%        N/A       7%          3
d - Olgreb's Toxic Radia  Pois           21%        N/A       6%          4

Your spell library contained the following spells:

 Spells                   Type           Power      Damage    Failure   Level


Dungeon Overview and Level Annotations

Branches:
Dungeon (6/15)             Temple (1/1) D:6

Altars:
Ashenzari
Fedhas
Hepliaklqana
Makhleb
Nemelex Xobeh
Okawaru
Qazlal
Ru
Sif Muna
Trog
Uskayaw
Vehumet
Wu Jian
Yredelemnul

Annotations:
D:2 1 runed translucent door, Crazy Yiuf
D:4 Menkaure
D:5 1 runed translucent door


Innate Abilities, Weirdness & Mutations

You are partially covered in molten scales. (AC +2)
When hurt, damage is shared between your health and your magic reserves.
You regenerate magic rapidly.
When low on magic, you restore magic in place of health.
Your touch may inflict irresistible damage on your foes.


Message History

The kobold brigand looks even sicker.
You kill the kobold!
The two-headed ogre looks even sicker.
The kobold brigand throws a poisoned dart.
The poisoned dart barely misses you.
Casting: Olgreb's Toxic Radiance (dangerous; 6% risk of failure)
Confirm with . or Enter, or press ? or * to list all spells.
Your toxic radiance grows in intensity.
The kobold brigand looks even sicker.
The kobold brigand throws a poisoned dart.
The poisoned dart barely misses you.
The kobold brigand looks as sick as possible!
The kobold brigand looks as sick as possible!
Your toxic aura wanes.
Casting: Olgreb's Toxic Radiance (dangerous; 6% risk of failure)
Confirm with . or Enter, or press ? or * to list all spells.
Aiming: Poisonous Vapours (safe; 2% risk of failure)
Press: ? - help, Dir - move target, f - two-headed ogre
Aim: a two-headed ogre, wielding a +0 giant spiked club and a +0 giant club (moderately wounded, poisoned) Poisonous vapours surround the two-headed ogre!
The two-headed ogre looks even sicker.
You kill the kobold brigand!
Your magical contamination has completely faded away.
You hit the two-headed ogre.
The two-headed ogre is heavily wounded.
The two-headed ogre hits you with a +0 giant spiked club!!
The two-headed ogre misses you.
You hit the two-headed ogre.
The two-headed ogre is heavily wounded.
You hit the two-headed ogre.
The two-headed ogre is heavily wounded.
The two-headed ogre misses you. The two-headed ogre barely misses you.
You barely miss the two-headed ogre.
The two-headed ogre is heavily wounded.
The two-headed ogre hits you with a +0 giant spiked club!
The two-headed ogre hits you with a +0 giant club!
* * * LOW HITPOINT WARNING * * *
You hit the two-headed ogre.
The two-headed ogre is severely wounded.
The two-headed ogre hits you with a +0 giant spiked club!!
You die...

8...8...8.....##
..#...#.......#
.###.###......##
..#...#........#####
8...8...8.#.....#..#
..#.....)..........#
#..................#
......#........#O.##
#..##>.........#@.#
.....)>........#..#
..................#
.......##......####
..[....#.......#
[......).......##
......##........#
.>##...###......##
.#####.####.>....#


You could see a two-headed ogre (poisoned).

Vanquished Creatures
  2 ice beasts
  2 black bears
  An ogre (D:6)
  A kobold brigand (D:6)
  Blork the orc (D:5)
  A necrophage (D:6)
  2 scorpions (D:5)
  2 hounds
  A human zombie (D:5)
  A jelly (D:4)
  2 orc priests
  An iguana (D:3)
  3 orc wizards
  8 adders
  A shadow imp (D:5)
  2 ufetubi
  A worm (D:4)
  6 dart slugs
  10 orcs
  7 ball pythons
  4 bats
  4 endoplasms
  4 giant cockroaches
  8 goblins
  4 hobgoblins
  6 jackals
  4 quokkas
  5 frilled lizards
  A goblin skeleton (D:5)
  8 kobolds
  5 rats
108 creatures vanquished.

Vanquished Creatures (others)
  4 plants (D:6)
4 creatures vanquished.

Grand Total: 112 creatures vanquished

Notes
Turn   | Place    | Note
-------+----------+-------------------------------------------
     0 | D:1      | gobodom the Demonspawn Venom Mage began the quest for the
                  | Orb.
     0 | D:1      | Reached XP level 1. HP: 13/13 MP: 3/3
    97 | D:1      | Reached skill level 1 in Transmutations
   203 | D:1      | Gained mutation: You regenerate magic rapidly. [demonic
                  | ancestry]
   203 | D:1      | Reached XP level 2. HP: 19/19 MP: 1/5
   680 | D:1      | Gained mutation: You are partially covered in molten
                  | scales. (AC +2) [demonic ancestry]
   680 | D:1      | Reached XP level 3. HP: 24/24 MP: 4/6
  1344 | D:2      | Learned a level 2 spell: Poisonous Vapours
  1653 | D:2      | Gained mutation: Your touch may inflict minor irresistible
                  | damage on your foes. [demonic ancestry]
  1653 | D:2      | Reached XP level 4. HP: 30/30 MP: 5/8
  1877 | D:2      | Found a runed translucent door.
  1878 | D:2      | Noticed Crazy Yiuf
  1993 | D:3      | Reached skill level 1 in Evocations
  2333 | D:3      | Reached XP level 5. HP: 35/35 MP: 5/9
  2560 | D:3      | Learned a level 3 spell: Mephitic Cloud
  2757 | D:3      | Found an ornate altar of the Wu Jian Council.
  2761 | D:3      | Found a blossoming altar of Fedhas.
  2761 | D:3      | Found a burning altar of Makhleb.
  2996 | D:4      | Noticed Menkaure
  3749 | D:4      | Noticed a black bear
  3785 | D:4      | Killed a black bear
  3786 | D:4      | Gained mutation: When hurt, damage is shared between your
                  | health and your magic reserves. [demonic ancestry]
  3786 | D:4      | Reached XP level 6. HP: 2/41 MP: 9/11
  4317 | D:5      | Entered Level 5 of the Dungeon
  4479 | D:5      | Noticed Blork the orc
  4492 | D:5      | Killed Blork the orc
  4493 | D:5      | Gained mutation: Your touch may inflict irresistible damage
                  | on your foes. [demonic ancestry]
  4493 | D:5      | Reached XP level 7. HP: 19/47 MP: 0/13
  5107 | D:5      | Found a runed translucent door.
  5107 | D:5      | Noticed a human
  5108 | D:5      | Found a basalt altar of Yredelemnul.
  5136 | D:5      | Reached skill level 1 in Short Blades
  5136 | D:5      | Reached skill level 1 in Air Magic
  5396 | D:5      | Learned a level 4 spell: Olgreb's Toxic Radiance
  5589 | D:6      | Reached skill level 5 in Poison Magic
  5596 | D:6      | Reached skill level 1 in Fighting
  5668 | D:6      | Gained mutation: When low on magic, you restore magic in
                  | place of health. [demonic ancestry]
  5668 | D:6      | Reached XP level 8. HP: 54/54 MP: 5/15
  5703 | D:6      | Found a staircase to the Ecumenical Temple.
  5707 | D:6      | Identified the +9 whip of the Dungeon {vorpal, rPois rF-
                  | Dex+9 Stlth-}
  5756 | D:6      | Reached skill level 5 in Spellcasting
  5780 | Temple   | Entered the Ecumenical Temple
  6358 | D:6      | Noticed a two-headed ogre
  6381 | D:6      | Demolished by a two-headed ogre

Illustrated notes

Levels and vault maps discovered:
D:1:      wander_arrival_fairy_ring, layout_basic
D:2:      layout_loops_ring, uniq_crazy_yiuf_cottage
D:3:      layout_basic, minitemple
D:4:      layout_loops_ring, grunt_ministairs_8, hex_tiny, uniq_menkaure
D:5:      layout_rooms, dk_yredelemnul_ordeal, nicolae_kite_square_tiling_tiny,
          uniq_blork_the_orc
D:6:      layout_cave_pools, mainiacjoe_overflow_chevrons,
          minmay_temple_entry_purple_smoke, minmay_misc_feat_four_crosses
Temple:   compressed_dpeg_triangle_lava_temple

Skill      XL: |  1  2  3  4  5  6  7  8 |
---------------+-------------------------+-----
Transmutations | 1 2 3 |  3.0
Stealth        | 2 |  2.3
Dodging        | 2 3 |  3.6
Evocations     | 1 2 |  2.2
Poison Magic   | 4 5 |  5.5
Spellcasting   | 3 4 5 |  5.2
Short Blades   | 1 2 |  2.1
Air Magic      | 1 |  1.3
Fighting       | 1 |  1.1
Conjurations   | |  0.4

Action                   |  1- 3 |  4- 6 |  7- 9 || total
-------------------------+-------+-------+-------++-------
Melee: Short sword       |    35 |    55 |    81 ||   171
       Unarmed           |     1 |       |       ||     1
       Punch             |     1 |       |       ||     1
       Dagger            |       |       |    31 ||    31
       Whip              |       |       |     8 ||     8
 Cast: Sting             |    67 |    94 |    41 ||   202
       Poisonous Vapours |       |    20 |     5 ||    25
       Olgreb's Toxic Ra |       |       |     7 ||     7
Evoke: Wand              |       |     1 |       ||     1
  Use: Scroll            |       |     3 |     3 ||     6
 Stab: Sleeping          |     1 |       |     1 ||     2
Armor: Robe              |    17 |    47 |    60 ||   124
Dodge: Dodged            |    37 |   103 |    71 ||   211

Table legend: (Time is in decaauts)
 A = Elapsed time spent in this place.
 B = Non-inter-level travel time spent in this place.
 C = Inter-level travel time spent in this place.
 D = Time resting spent in this place.
 E = Time spent auto-exploring this place.
 F = Levels seen in this place.
 G = Mean time per level.
                   A        B        C        D        E       F      G
               +--------+--------+--------+--------+--------+-----+--------+
         Total |   6385 |   6324 |     61 |    702 |   4265 |   7 |  912.1 |
       Dungeon |   5889 |   5850 |     39 |    702 |   3801 |   6 |  981.5 |
        Temple |    496 |    474 |     22 |      0 |    464 |   1 |  496.0 |
               +--------+--------+--------+--------+--------+-----+--------+

Top non-repeatable levels by time:
     D:3: 1265 daAuts
     D:5: 1236 daAuts
     D:4: 1145 daAuts
     D:2: 1050 daAuts
     D:1: 860 daAuts
  Temple: 496 daAuts
     D:6: 331 daAuts
